[Event "*** Titled Tuesday Blitz"]
[Site "Chess.com"]
[Date "2020.04.14"]
[Round "3"]
[White "PrinceCharming92"]
[Black "MarcoCorvi"]
[Result "1-0"]
[WhiteElo "2352"]
[BlackElo "2144"]
[TimeControl "180+1"]
[EndTime "10:28:46 PDT"]
[Termination "PrinceCharming92 won by checkmate"]

1. e4 c5 2. Nc3 g6 3. f4 Bg7 4. d3 Nc6 5. Nf3 d6 6. g3 Nf6 7. Bg2 O-O 8. O-O Bd7 9. h3 a6 10. g4 b5 11. Ne2 Rb8 12. Ng3 Nd4 13. f5 b4 14. Rb1 a5 15. b3 a4 16. Nxd4 cxd4 17.
g5 Ne8 18. Qf3 axb3 19. axb3 Qa5 20. Bb2 Qc5 21. Rf2 Be5 22. Ra1 Nc7 23. Ne2 Nb5 24. Nf4 Bxf4 25. Qxf4 Nc3 26. f6 exf6 27. gxf6 Qh5 28.
Qxd6 Bxh3 29. Qh2 Bxg2 30. Qxh5 gxh5 31. Rxg2+ Kh8 32. Bxc3 dxc3 33. Ra4 Rb6 34. e5 Rd8 35.
Kf2 h6 36. Ke3 Re8 37. Kf4 Rb5 38. d4 Rd8 39. Ke4 Re8 40. Rh2 Rb6 41. Kf5 Rd8 42.
Rxh5 Kh7 43. Rh4 Rg8 44. Ra7 Rg5+ 45. Ke4 Kg8 46. Ra8+ Kh7 47. Rf8 Kg6 48. Rg8+ Kh7 49. Rxg5 Re6 50. Rg7+ Kh8 51. Rxh6# 1-0

[Event "*** Titled Tuesday Blitz"]
[Site "Chess.com"]
[Date "2020.04.14"]
[Round "3"]
[White "CarlosAlbornoz"]
[Black "nihalsarin"]
[Result "1/2-1/2"]
[WhiteElo "2710"]
[BlackElo "3056"]
[TimeControl "180+1"]
[EndTime "10:28:47 PDT"]
[Termination "Game drawn by repetition"]

1. e4 e5 2. Nf3 Nc6 3. Bb5 a6 4.
Ba4 Nf6 5. O-O Be7 6. Re1 b5 7. Bb3 O-O 8. d3 d6 9. a3 Na5 10. Ba2 c5 11. Nc3 Nc6 12. Bg5 Be6 13. Bxf6 Bxf6 14. Nd5 g6 15. c3 Bg7 16. b4 Ne7 17.
Nd2 Rc8 18. Nxe7+ Qxe7 19. Nf1 Bh6 20. Ne3 Bxe3 21. fxe3 cxb4 22. cxb4 Rc3 23. Qd2 Rc7 24. Rac1 Rfc8 25. Bd5 Kg7 26. h3 h5 27. Rf1 Bxd5 28. exd5 Qg5 29. Rxc7 Rxc7 30. Rc1 Rxc1+ 31. Qxc1 Qg3 32.
Qd2 h4 33. Qf2 Qxf2+ 34. Kxf2 f5 35. Kf3 Kf6 36. e4 Kg5 37. Ke3 Kf6 38. Kf3 Kg7 39.
Ke3 Kf7 40. Kf3 Ke7 41. Ke3 Kf6 42. Kf3 1/2-1/2

[Event "*** Titled Tuesday Blitz"]
[Site "Chess.com"]
[Date "2020.04.14"]
[Round "3"]
[White "Msb2"]
[Black "manitodeplomo"]
[Result "1/2-1/2"]
[WhiteElo "2895"]
[BlackElo "2502"]
[TimeControl "180+1"]
[EndTime "10:28:47 PDT"]
[Termination "Game drawn by repetition"]

1. d4 c5 2. d5 d6 3. e4 g6 4. c4 Bg7 5. h3 Nf6 6. Nc3 O-O 7. Nf3 e6 8. Bd3 exd5 9. exd5 Qe7+ 10. Be3 Bh6 11.
Qd2 Bxe3 12. fxe3 Nbd7 13. O-O-O Ne5 14. e4 Bd7 15. Rhf1 Kg7 16. Qf4 Rae8 17. g4 Nxd3+ 18. Rxd3 Nxe4 19. Re1 f5 20. gxf5 Bxf5 21. Rde3 Qd8 22.
Qh4 g5 23. Nxg5 Nxg5 24. Rxe8 Rxe8 25. Rxe8 Qxe8 26. Qxg5+ Bg6 27. Kd2 Qf7 28. Ne2 Qf3 29. Qe7+ Kh6 30. Qh4+ Kg7 31. Qe7+ Kh6 32. Qxd6 Qd3+ 33.
Ke1 Qb1+ 34. Kf2 Qxb2 35. Qf8+ Kg5 36. Qf4+ Kh5 37. Kf3 Qa3+ 38. Kg2 Qxa2 39. Kf3 Qb3+ 40.
Kg2 Qc2 41. Kf3 Qd3+ 42. Kf2 Qc2 43. Ke1 Qb1+ 44. Kf2 Qc2 45. Kg3 Qd3+ 46. Kf2 Qc2 1/2-1/2

[Event "*** Titled Tuesday Blitz"]
[Site "Chess.com"]
[Date "2020.04.14"]
[Round "3"]
[White "AttilaTurzo"]
[Black "LileKoridze"]
[Result "1-0"]
[WhiteElo "2505"]
[BlackElo "2273"]
[TimeControl "180+1"]
[EndTime "10:28:47 PDT"]
[Termination "AttilaTurzo won by checkmate"]

1. d4 Nf6 2. Nf3 e6 3. Bf4 b5 4. e3 a6 5. Bd3 Bb7 6. a4 b4 7.
Nbd2 a5 8. O-O Be7 9. e4 d6 10. h3 O-O 11. Bg5 h6 12. Bh4 Nbd7 13. Re1 e5 14. c3 bxc3 15. bxc3 c5 16. Bxf6 Bxf6 17.
d5 Be7 18. Rb1 Qc7 19. Nc4 f5 20. exf5 Bxd5 21. Ne3 Bc6 22. Bc4+ Kh8 23. Bd5 e4 24. Nd2 Nf6 25. Ndc4 Rab8 26. Rxb8 Rxb8 27. Bxc6 Qxc6 28. Nxa5 Qa6 29. Nac4 d5 30. Nxd5 Rd8 31. Nce3 c4 32.
Nxe7 Rxd1 33. Rxd1 Qxa4 34. Rd8+ Kh7 35. Ng6 Ne8 36. g4 Kg8 37. Kg2 Kf7 38. Ne5+ Kf6 39. N3xc4 Nc7 40. Rd7 Nb5 41. Rf7+ Kg5 42. Kg3 h5 43.
Rxg7+ Kh6 44. f6 Qb3 45. g5# 1-0

[Event "*** Titled Tuesday Blitz"]
[Site "Chess.com"]
[Date "2020.04.14"]
[Round "3"]
[White "Xeniya2005"]
[Black "guillembaches"]
[Result "1/2-1/2"]
[WhiteElo "2181"]
[BlackElo "2446"]
[TimeControl "180+1"]
[EndTime "10:28:47 PDT"]
[Termination "Game drawn by repetition"]

1. e4 c5 2. Nf3 d6 3. d4 cxd4 4. Nxd4 Nf6 5. Nc3 a6 6. Nb3 e5 7.
Bg5 Be7 8. Bxf6 Bxf6 9. g3 Be6 10. Bg2 Be7 11. O-O Nd7 12. Qd2 Nf6 13. Rad1 O-O 14. Kh1 Rc8 15. f4 Qc7 16. f5 Bc4 17. Rfe1 b5 18.
a3 Rfd8 19. h3 h6 20. Qf2 a5 21. Rd2 b4 22. axb4 axb4 23. Nd5 Bxd5 24. exd5 Re8 25.
Rde2 Qc4 26. Na5 Qc5 27. Nc6 Qxf2 28. Rxf2 Bd8 29. Ra1 Bb6 30. Re2 e4 31. Nxb4 e3 32.
c3 Nh5 33. Kh2 Nf6 34. Rae1 Re5 35. g4 Ne4 36. Bxe4 Rxe4 37. Nc2 Rce8 38. Kg3 R4e5 39. Kf3 Rxd5 40. Nb4 Rde5 41. Nd3 R5e7 42. Nf4 Re5 43.
Nd3 Re4 44. Nb4 R4e5 45. Nd3 1/2-1/2

[Event "*** Titled Tuesday Blitz"]
[Site "Chess.com"]
[Date "2020.04.14"]
[Round "3"]
[White "NovakCabarkapa"]
[Black "TranJMinh"]
[Result "0-1"]
[WhiteElo "2525"]
[BlackElo "2780"]
[TimeControl "180+1"]
[EndTime "10:28:49 PDT"]
[Termination "TranJMinh won by checkmate"]

1. e4 c5 2. a3 Nf6 3. e5 Nd5 4. Nc3 Nb6 5. Nf3 Nc6 6. Bb5 Qc7 7.
Bxc6 dxc6 8. h3 g6 9. O-O Bg7 10. Re1 O-O 11. d3 c4 12. Bf4 cxd3 13. cxd3 Be6 14. Ng5 Rad8 15. Nxe6 fxe6 16. Qg4 Rf5 17. Rad1 Rd4 18. Re4 Qd7 19. Be3 Rxd3 20. Rxd3 Qxd3 21.
Rd4 Qc2 22. Rd8+ Kf7 23. Bxb6 axb6 24. Ne4 Bxe5 25. g3 h6 26. Rd2 Qb3 27. Qe2 Qf3 28.
Qe1 Qb3 29. Qe2 Bg7 30. Kg2 Rd5 31. Rc2 Re5 32. Rc3 Qd5 33. Qf3+ Kg8 34. Re3 Rf5 35. Qg4 Kh7 36. h4 Bd4 37. Re2 c5 38. f3 Kg7 39. h5 Rxh5 40. Qf4 Rf5 41. Qc7 Rf7 42. Qc8 Qf5 43. Nf2 Qxf3+ 44. Kf1 Bxf2 45. Qxe6 Bxg3+ 46. Kg1 Qf1# 0-1

[Event "*** Titled Tuesday Blitz"]
[Site "Chess.com"]
[Date "2020.04.14"]
[Round "3"]
[White "Ellaijio_B"]
[Black "GasconJR"]
[Result "1-0"]
[WhiteElo "2720"]
[BlackElo "2442"]
[TimeControl "180+1"]
[EndTime "10:28:49 PDT"]
[Termination "Ellaijio_B won by resignation"]

1. e4 c5 2. Nf3 Nc6 3. d4 cxd4 4.
Nxd4 Nf6 5. Nc3 e5 6. Ndb5 d6 7. Bg5 a6 8. Na3 b5 9. Nd5 Be7 10. Bxf6 Bxf6 11. c4 b4 12. Nc2 O-O 13. g3 a5 14. Bg2 Bg5 15. O-O Rb8 16. b3 Ne7 17.
Qd3 Nxd5 18. Qxd5 Be6 19. Qd3 Qc7 20. Rad1 Rfd8 21. h4 Bh6 22. Kh2 Bc8 23. Bh3 Bb7 24. Qe2 Qc5 25. Bg2 g6 26. h5 Kg7 27. Qg4 Bc8 28. Qe2 Bb7 29. Rh1 Rf8 30. Kg1 f5 31.
hxg6 hxg6 32. exf5 Bxg2 33. Kxg2 Rxf5 34. Rxh6 Kxh6 35.
Qd2+ Kg7 36. Ne3 Rh5 37. Qxd6 Qxd6 38. Rxd6 a4 39. Rd7+ Kf6 40. c5 e4 41. Nd5+ Ke6 42. Rd6+ Kf7 43. c6 axb3 44. axb3 Rc8 45. Rd7+ Ke6 46.
Nf4+ Ke5 47. Rd5+ Kf6 48. Nxh5+ gxh5 49. Rc5 Ke6 50. Rxh5 1-0

[Event "*** Titled Tuesday Blitz"]
[Site "Chess.com"]
[Date "2020.04.14"]
[Round "3"]
[White "Usurpov"]
[Black "Qingdom"]
[Result "1-0"]
[WhiteElo "2434"]
[BlackElo "2110"]
[TimeControl "180+1"]
[EndTime "10:28:49 PDT"]
[Termination "Usurpov won by resignation"]

1. e4 c5 2. Nf3 Nc6 3. d4 cxd4 4. Nxd4 e5 5. Nb5 d6 6. c4 Be7 7. N1c3 a6 8. Na3 Be6 9. Be2 Rc8 10. Nc2 Bg5 11.
O-O Bxc1 12. Rxc1 Nf6 13. Qd2 O-O 14. Rfd1 Qb6 15. b3 Rfd8 16. Bf1 Bg4 17. Re1 h6 18. Kh1 Be6 19. f3 Qa7 20. Qe3 Qb8 21. a4 Na5 22. Rb1 b6 23. Red1 Qc7 24. Nb4 Qb7 25. Kg1 Nc6 26.
Nbd5 Bxd5 27. Nxd5 Nxd5 28. Rxd5 Nd4 29. Rxd4 exd4 30.
Qxd4 Rc5 31. Rd1 Qc7 32. Rd2 f5 33. exf5 Rxf5 34. Bd3 Qc5 35. Bxf5 Qxf5 36. Qd5+ Qxd5 37. Rxd5 Kf7 38. Kf2 Ke6 39. f4 Rf8 40. Ke3 Rf6 41. Ke4 Kd7 42. Rd2 Kc6 43. b4 a5 44. bxa5 bxa5 45. Rd5 Re6+ 46. Kf3 Re1 47. Rxa5 Rc1 48. Ra7 g5 49. fxg5 hxg5 50. Rg7 Rxc4 51. Rxg5 Rxa4 52. g3 d5 53. h4 Kc5 54. Rg8 Kd4 55. Rg4+ 1-0

[Event "*** Titled Tuesday Blitz"]
[Site "Chess.com"]
[Date "2020.04.14"]
[Round "3"]
[White "mishanick"]
[Black "KobyKalavannan"]
[Result "1-0"]
[WhiteElo "3009"]
[BlackElo "2684"]
[TimeControl "180+1"]
[EndTime "10:28:50 PDT"]
[Termination "mishanick won by resignation"]

1. d4 Nf6 2. c4 g6 3. Nc3 Bg7 4. e4 d6 5. Be2 O-O 6. Be3 Na6 7. Nf3 c5 8. d5 e6 9. O-O exd5 10. cxd5 Re8 11. Nd2 Nc7 12. a4 b6 13.
Bf4 Ba6 14. Bxa6 Nxa6 15. Re1 Qd7 16. Nc4 Bf8 17. Qf3 Nh5 18. Bg5 h6 19. Be3 Bg7 20.
g4 Nf6 21. h3 g5 22. Rad1 Nb4 23. Re2 Re7 24. Bc1 Rae8 25. Rde1 Nh7 26. Nb5 Be5 27.
b3 Nf8 28. Nxe5 dxe5 29. Qf6 Ng6 30. Nd6 Re6 31. dxe6 Rxe6 32. Qxf7+ Qxf7 33. Nxf7 Kxf7 34. Rd1 Re7 35. Rd6 Kg7 36. Be3 Nf4 37. Bxf4 exf4 38. f3 Kf7 39. Red2 Kg7 40. Rd7 Kf8 41. R2d6 Rxd7 42.
Rxd7 Nc6 43. Kf2 Nd4 44. Rxa7 Nxb3 45. Rb7 c4 46. Rxb6 Nc5 47. Rc6 Nd3+ 48. Ke2 Ne5 49. Rc5 Nd3 50. Rxc4 Nb2 51. Rb4 h5 52. Rxb2 hxg4 53.
hxg4 Ke7 54. Rb6 1-0

[Event "*** Titled Tuesday Blitz"]
[Site "Chess.com"]
[Date "2020.04.14"]
[Round "3"]
[White "gena217"]
[Black "wannabe2700"]
[Result "1-0"]
[WhiteElo "2916"]
[BlackElo "2671"]
[TimeControl "180+1"]
[EndTime "10:28:50 PDT"]
[Termination "gena217 won on time"]

1. e4 e6 2. d4 d5 3. Nd2 c5 4. exd5 Qxd5 5. Ngf3 cxd4 6. Bc4 Qd7 7. O-O Nc6 8. Nb3 Nf6 9. Nbxd4 Nxd4 10. Nxd4 a6 11. Re1 Bc5 12. c3 b5 13. Bf1 O-O 14. Nb3 Qxd1 15.
Rxd1 Bb6 16. a4 bxa4 17. Rxa4 a5 18. Bb5 Rd8 19. Rxd8+ Bxd8 20. c4 Bd7 21. Nd4 e5 22.
Nc6 Rc8 23. Na7 Rc7 24. Be3 Bxb5 25. Nxb5 Rd7 26. Kf1 Rd1+ 27. Ke2 Rb1 28. Ra2 Ne4 29. f3 Nf6 30. Kd3 h6 31. Nc3 Rh1 32. h3 Kf8 33. b3 Ke8 34. Na4 Kd7 35. Nb6+ Kc6 36. Na4 Nd7 37.
Bd2 f5 38. Bc3 Rd1+ 39. Rd2 Rxd2+ 40. Kxd2 Bf6 41. Kd3 e4+ 42. fxe4 fxe4+ 43. Kc2 Bxc3 44. Kxc3 Nc5 45. Nxc5 Kxc5 46. Kd2 Kd4 47. Ke2 1-0

[Event "*** Titled Tuesday Blitz"]
[Site "Chess.com"]
[Date "2020.04.14"]
[Round "3"]
[White "Cuchulin"]
[Black "Eltarolo"]
[Result "0-1"]
[WhiteElo "2111"]
[BlackElo "2335"]
[TimeControl "180+1"]
[EndTime "10:28:50 PDT"]
[Termination "Eltarolo won by resignation"]

1. d4 Nf6 2. Bf4 g6 3. Nc3 Bg7 4. e4 d6 5. Qd2 O-O 6. O-O-O a6 7. Bh6 b5 8. Bxg7 Kxg7 9. Bd3 Nc6 10. Nce2 e5 11. d5 Ne7 12. h4 h5 13. f3 Rh8 14.
Nh3 Bd7 15. Ng5 a5 16. f4 Ng4 17. fxe5 dxe5 18. Rhf1 f6 19. Ne6+ Bxe6 20. dxe6 c6 21. Qc3 Qc8 22. Bxb5 cxb5 23. Rd7 Re8 24. Rc7 Qxe6 25.
Rd1 Rac8 26. Rdd7 Rxc7 27. Qxc7 Kf7 28. Nc3 Ne3 29. b3 b4 30. Nb5 Kf8 31. Nd6 f5 32. Nxe8 Kxe8 33. Rd8+ Kf7 34. Qb8 Qc6 35. Rf8+ Ke6 36.
exf5+ gxf5 37. c4 bxc3 38. Qa7 N3d5 39. Qf2 Qd6 40. Rh8 Qa3+ 41. Kb1 Qb4 42. Rh6+ Nf6 43. Kc2 Qe4+ 44. Kxc3 Qd4+ 45. Kc2 Qxf2+ 46. Kc3 Qxg2 47. Kc4 Qg3 48. Kb5 Qxh4 49. Kxa5 Qg5 50. Rh8 Neg8 51. Rh7 Nxh7 0-1

[Event "*** Titled Tuesday Blitz"]
[Site "Chess.com"]
[Date "2020.04.14"]
[Round "3"]
[White "ehrenfeld"]
[Black "giantslayer83"]
[Result "0-1"]
[WhiteElo "2454"]
[BlackElo "2722"]
[TimeControl "180+1"]
[EndTime "10:28:51 PDT"]
[Termination "giantslayer83 won on time"]

1. e4 e5 2. Nc3 Nf6 3. f4 d5 4.
fxe5 Nxe4 5. Qf3 Nxc3 6. bxc3 c5 7. Bb5+ Nc6 8. Qg3 g6 9. Nf3 Bg7 10. O-O O-O 11. Bxc6 bxc6 12. d4 cxd4 13. cxd4 c5 14. Ba3 cxd4 15. Bxf8 Qxf8 16. Ng5 Bf5 17. e6 d3 18.
exf7+ Kh8 19. cxd3 h6 20. Rxf5 gxf5 21. Ne6 Qxf7 22.
Nxg7 Qxg7 23. Qxg7+ Kxg7 24. Rb1 Kf6 25. Kf2 Rc8 26. Kf3 Rc2 27. a4 Ra2 28. Rb4 a5 29. Rd4 Ke5 30. Rh4 Ra3 31. Ke3 h5 32. Rxh5 d4+ 33.
Ke2 Rxa4 34. g4 Kf4 35. gxf5 Ra2+ 36. Kd1 Ke5 37. f6+ Kxf6 38. h4 a4 39. Rd5 a3 40.
Kc1 Rh2 41. Kb1 Rxh4 42. Ka2 Ke6 43. Rd8 Ke5 44. Re8+ Kd5 45. Rd8+ Kc5 46. Rc8+ Kd6 47. Rc4 Kd5 48. Rc8 Rh3 0-1

[Event "*** Titled Tuesday Blitz"]
[Site "Chess.com"]
[Date "2020.04.14"]
[Round "3"]
[White "Casablanca"]
[Black "stefan_95"]
[Result "1-0"]
[WhiteElo "2353"]
[BlackElo "2550"]
[TimeControl "180+1"]
[EndTime "10:28:51 PDT"]
[Termination "Casablanca won by checkmate"]

1. d4 Nf6 2. Bg5 d5 3. e3 c5 4.
Bxf6 exf6 5. Nc3 Nc6 6. dxc5 Be6 7. g3 Bxc5 8. Bg2 d4 9. exd4 Nxd4 10. Nge2 Bg4 11. Qd3 O-O 12. Nxd4 Qxd4 13. Qxd4 Bxd4 14. O-O Rac8 15. Bxb7 Rb8 16. Be4 Rxb2 17. Nd1 Rb6 18. c3 Bc5 19. Rb1 Rxb1 20. Bxb1 Rd8 21. Nb2 Be2 22.
Re1 Rd2 23. Na4 Ba3 24. Kg2 g6 25. c4 Bxc4 26. Nc3 Bb4 27. Ne4 Bd5 28. Kg1 Kg7 29.
Nxd2 Bxd2 30. Rd1 Bc6 31. Rxd2 f5 32. Bc2 Bf3 33. Bb3 Kf6 34. Rd7 a5 35. Rxf7+ Ke5 36. Rxh7 g5 37. h4 g4 38. h5 a4 39. h6 axb3 40.
axb3 Be4 41. Re7+ Kf6 42. h7 Kxe7 43. h8=Q Ke6 44. Qd4 Bf3 45. Kf1 Kf7 46. Ke1 Ke6 47. Kd2 Kf7 48. Ke3 Ke6 49. Kf4 Be4 50. Qe5+ Kd7 51.
Kg5 Kc6 52. Kf6 Kb6 53. b4 Kc6 54. Qc5+ Kd7 55. b5 Kd8 56. b6 Kd7 57. Qc7+ Ke8 58. b7 Bxb7 59. Qxb7 f4 60. Qe7# 1-0

[Event "*** Titled Tuesday Blitz"]
[Site "Chess.com"]
[Date "2020.04.14"]
[Round "3"]
[White "Anton_Demchenko"]
[Black "starworld123"]
[Result "1-0"]
[WhiteElo "2937"]
[BlackElo "2607"]
[TimeControl "180+1"]
[EndTime "10:28:52 PDT"]
[Termination "Anton_Demchenko won by resignation"]

1. d4 Nf6 2. Nf3 d5 3. Bf4 c5 4. e3 Nc6 5. Nbd2 Qb6 6. dxc5 Qxb2 7. Rb1 Qc3 8. Bb5 e6 9. O-O Bxc5 10. Nb3 O-O 11. Bxc6 bxc6 12. Be5 Qb4 13. Nfd4 Bxd4 14. Bxd4 Ne4 15. f3 Nc3 16. Qe1 Nxa2 17. Qg3 f6 18. Ra1 Nc3 19. Qe1 Qc4 20. Qxc3 e5 21. Qxc4 dxc4 22.
Bc5 cxb3 23. Bxf8 Kxf8 24. cxb3 Be6 25. b4 Ke7 26. Rfc1 Kd6 27. Rd1+ Kc7 28. Rdc1 Kb6 29. e4 Rd8 30. Rc2 Rd4 31. Rb2 a6 32. Kf2 Bc4 33. h4 h5 34. Ra3 Bb5 35. Rc3 Rd1 36. Rcc2 Rd4 37. Rd2 c5 38. bxc5+ Kxc5 39. Rbc2+ Kb4 40.
Ke3 Rd3+ 41. Rxd3 Bxd3 42. Kxd3 a5 43. Rb2+ Ka3 44. Rb7 a4 45. Rxg7 1-0

[Event "*** Titled Tuesday Blitz"]
[Site "Chess.com"]
[Date "2020.04.14"]
[Round "3"]
[White "Casper_Schoppen"]
[Black "tylityli"]
[Result "1/2-1/2"]
[WhiteElo "2984"]
[BlackElo "2146"]
[TimeControl "180+1"]
[EndTime "10:28:52 PDT"]
[Termination "Game drawn by repetition"]

1. c4 Nf6 2. g3 g6 3. Bg2 Bg7 4. Nc3 O-O 5. e3 d6 6. Nge2 Nbd7 7. O-O e5 8. d3 Qe7 9. b4 a5 10. b5 Rb8 11. Bb2 b6 12. Qd2 Nc5 13. d4 exd4 14. exd4 Nce4 15. Nxe4 Nxe4 16. Qe3 f5 17. f3 Qg5 18.
Nf4 Nf6 19. Qf2 Nh5 20. Nd5 Qd8 21. Rfe1 Bb7 22. Ne7+ Kh8 23. Nc6 Bxc6 24. bxc6 Qf6 25. f4 Rbe8 26. Rxe8 Rxe8 27. Re1 Re7 28. Bf3 Qf8 29. Bxh5 gxh5 30. Rxe7 Qxe7 31. d5 Qe4 32. Bxg7+ Kxg7 33. Qb2+ Kg6 34. Qc3 Qb1+ 35. Kg2 Qxa2+ 36. Kh3 Qb1 37. Qh8 Qe4 38. Qg8+ Kf6 39. Qxh7 Qe2 40.
Qh6+ Kf7 41. Qh7+ Kf6 42. Qxc7 Qg4+ 43. Kg2 Qe2+ 44. Kg1 Qe1+ 45. Kg2 Qe2+ 46. Kh3 Qg4+ 47. Kg2 Qe2+ 1/2-1/2

[Event "*** Titled Tuesday Blitz"]
[Site "Chess.com"]
[Date "2020.04.14"]
[Round "3"]
[White "josmito10"]
[Black "SARGISMV"]
[Result "1/2-1/2"]
[WhiteElo "2741"]
[BlackElo "2461"]
[TimeControl "180+1"]
[EndTime "10:28:52 PDT"]
[Termination "Game drawn by repetition"]

1. d4 Nf6 2. c4 c5 3. d5 e6 4. Nc3 exd5 5. cxd5 d6 6. e4 g6 7. Nge2 Bg7 8. Ng3 O-O 9. Be2 Na6 10. O-O Nc7 11. a4 Re8 12. Bg5 h6 13. Be3 b6 14.
f3 Rb8 15. Qd2 Kh7 16. Rab1 Ba6 17. b4 Bxe2 18. Ngxe2 Na6 19. bxc5 bxc5 20. Rb5 Nb4 21. Rb1 Qd7 22. Rxb8 Rxb8 23. Nc1 Re8 24. h3 Nh5 25.
Bf2 a6 26. g4 Nf4 27. Qxf4 Bxc3 28. Qe3 Bd4 29. Qb3 Bxf2+ 30. Kxf2 Qe7 31. Qc3 Qh4+ 32.
Kg2 Re5 33. Rb2 h5 34. Nd3 Nxd3 35. Qxd3 Qg5 36. Rb7 Kg7 37. Qc3 Qf4 38. Re7 h4 39. Rxe5 dxe5 40. d6 Qg3+ 41. Kf1 Qxh3+ 42. Ke2 Qg2+ 43.
Ke3 Qg1+ 44. Kd3 Qd1+ 45. Ke3 Qg1+ 46. Ke2 Qg2+ 47. Ke3 Qg1+ 1/2-1/2

[Event "*** Titled Tuesday Blitz"]
[Site "Chess.com"]
[Date "2020.04.14"]
[Round "3"]
[White "MartinMatthiesen"]
[Black "Berardino"]
[Result "0-1"]
[WhiteElo "2422"]
[BlackElo "2693"]
[TimeControl "180+1"]
[EndTime "10:28:52 PDT"]
[Termination "Berardino won by resignation"]

1. d4 Nf6 2. c4 e6 3. Nf3 d5 4. Nc3 Be7 5. Bf4 O-O 6. e3 b6 7. Bd3 dxc4 8. Bxc4 Ba6 9. Bxa6 Nxa6 10. O-O c5 11.
Ne5 Qc8 12. Qf3 cxd4 13. Nc6 Qb7 14. Nb5 dxe3 15. Nxe7+ Qxe7 16. Bd6 Qd7 17. Bxf8 exf2+ 18. Rxf2 Rxf8 19. a4 Nd5 20. Rd1 Nab4 21. Nc3 Qc7 22. Nxd5 Nxd5 23. Qb3 Qc5 24. Qf3 h6 25. Kh1 Qb4 26. b3 Qh4 27. h3 Qg5 28. Re1 Qg6 29.
Rc1 Rd8 30. Rc6 Nf6 31. Rf1 Rd3 32. Rc8+ Kh7 33. Qa8 Qg3 34. Rh8+ Kg6 35. Qc6 Rxb3 36. Qc2+ Qd3 37. Qf2 Qe4 38. Re1 Rxh3+ 39. Kg1 Qg4 40. Re3 Rxe3 41. Qxe3 Qd1+ 42. Kf2 Ng4+ 0-1

[Event "*** Titled Tuesday Blitz"]
[Site "Chess.com"]
[Date "2020.04.14"]
[Round "3"]
[White "GOGIEFF"]
[Black "moro182"]
[Result "1-0"]
[WhiteElo "2982"]
[BlackElo "2680"]
[TimeControl "180+1"]
[EndTime "10:28:53 PDT"]
[Termination "GOGIEFF won by resignation"]

1. d4 Nf6 2. c4 e6 3. Nc3 d5 4. cxd5 exd5 5. Bg5 c6 6. e3 h6 7. Bh4 Be6 8. Bd3 Nbd7 9. Nge2 g5 10. Bg3 Nh5 11. Qc2 Nxg3 12. Nxg3 h5 13. Nf5 Qf6 14. O-O h4 15. h3 Rg8 16. f3 Nb6 17. a3 Nc4 18. Rae1 O-O-O 19. Kh1 Kb8 20. Bxc4 dxc4 21. e4 Bxf5 22. exf5 Qxd4 23. Ne4 Bd6 24. Rd1 Qe5 25.
Rxd6 Rxd6 26. Nxd6 Qxd6 27. Qxc4 Qd5 28. Qg4 f6 29. f4 Qc4 30. Rf2 a6 31. fxg5 Qxg4 32.
hxg4 Rxg5 33. Rf4 Kc7 34. Kh2 Kd6 35. Kh3 Ke5 36. Rf2 Rg7 37. Kxh4 c5 38. Re2+ Kd4 39. Re6 Rf7 40. Rb6 Rh7+ 41. Kg3 Rf7 42. g5 fxg5 43. Kg4 c4 44. f6 Kc5 45. Re6 Kd5 46. Kf5 Rf8 47.
Rb6 Rb8 48. Kxg5 Kc5 49. Re6 b5 50. f7 Rf8 51. Kf6 1-0

[Event "*** Titled Tuesday Blitz"]
[Site "Chess.com"]
[Date "2020.04.14"]
[Round "3"]
[White "VladimirBelous"]
[Black "korason34"]
[Result "1-0"]
[WhiteElo "2804"]
[BlackElo "2476"]
[TimeControl "180+1"]
[EndTime "10:28:53 PDT"]
[Termination "VladimirBelous won on time"]

1. d4 Nf6 2. Nf3 e6 3. c4 d5 4. Nc3 Nbd7 5. Bg5 h6 6. Bh4 c6 7. e3 g5 8. Bg3 Nh5 9. cxd5 exd5 10. Bd3 Nxg3 11. hxg3 Bg7 12. Qc2 Qe7 13. O-O-O Nf6 14. Ne5 Be6 15. f4 O-O-O 16. Qa4 Kb8 17. Qxc6 Ng4 18. Qb5 Bxe5 19. dxe5 Nxe3 20. Rd2 gxf4 21. gxf4 d4 22. Ne4 Bxa2 23. Nd6 Rxd6 24. exd6 Qxd6 25. b4 Qxf4 26. Rxa2 Nd5+ 27. Rd2 Rc8+ 28. Bc2 Nc3 29. Qd3 Na2+ 30. Kb1 Nxb4 31. Qxd4 Qxd4 32. Rxd4 Nxc2 33. Re4 Na3+ 34. Ka1 Rc6 35. Reh4 Rc2 36. g3 Rg2 37. R1h3 Nc2+ 38. Kb1 Ne3 39. Rxh6 Nf5 40. Rf6 Nxg3 41. Rxf7 a5 42. Rhh7 Ne2 43. Rxb7+ Kc8 44. Ra7 Nc3+ 45. Kc1 Na2+ 46. Kd1 Nc3+ 47. Ke1 Kb8 48.
Rab7+ Ka8 49. Rbc7 1-0

[Event "*** Titled Tuesday Blitz"]
[Site "Chess.com"]
[Date "2020.04.14"]
[Round "3"]
[White "SergeiAza"]
[Black "CroissantNeuf"]
[Result "1-0"]
[WhiteElo "2778"]
[BlackElo "2396"]
[TimeControl "180+1"]
[EndTime "10:28:53 PDT"]
[Termination "SergeiAza won by resignation"]

1. e4 e5 2. Nf3 Nc6 3. Bb5 a6 4. Ba4 g6 5. d4 b5 6. Bb3 exd4 7. Nxd4 Na5 8. a4 Nxb3 9. cxb3 Bb7 10. O-O bxa4 11.
bxa4 Bg7 12. Nc3 Ne7 13. e5 Nc6 14. Nf3 h6 15. Nd5 O-O 16. Bf4 d6 17. exd6 cxd6 18. Rc1 Ne5 19. b4 Rb8 20. Rb1 Re8 21. Bxe5 dxe5 22.
Ne3 e4 23. Nd2 Qd3 24. Ndc4 Bc6 25. b5 axb5 26. axb5 Rxb5 27. Rxb5 Bxb5 28. Nd6 Qxd1 29. Rxd1 Rb8 30. Rb1 Bf8 31. Nxb5 f5 32. Nc3 Rc8 33.
Ned5 Bc5 34. Kf1 Kf7 35. Ke2 Bd4 36. Rb3 Ke6 37. f3 Ke5 38. fxe4 fxe4 39. Rb5 Ke6 40. Nf4+ Kf6 41. Nxe4+ Kg7 42. Rd5 Bb6 43. Rd7+ Kh8 44. Nxg6+ 1-0

[Event "*** Titled Tuesday Blitz"]
[Site "Chess.com"]
[Date "2020.04.14"]
[Round "3"]
[White "VerdeNotte"]
[Black "FairChess_on_YouTube"]
[Result "0-1"]
[WhiteElo "2682"]
[BlackElo "2995"]
[TimeControl "180+1"]
[EndTime "10:28:55 PDT"]
[Termination "FairChess_on_YouTube won by resignation"]

1. e4 g6 2. d4 Bg7 3. Nc3 c6 4. f4 Qb6 5. Nf3 Nh6 6. h3 d5 7. e5 Nf5 8. Rg1 h5 9. g4 hxg4 10. hxg4 Nh4 11. Be2 Na6 12. a3 Be6 13. Nxh4 Rxh4 14.
Be3 O-O-O 15. b4 Rdh8 16. Na4 Qc7 17. Bxa6 bxa6 18. Qe2 Kd8 19. O-O-O Rh2 20. Qxa6 R8h3 21. Rde1 Bh6 22. Kb1 Bc8 23. Qf1 a5 24. Rg2 axb4 25. Rxh2 Rxh2 26. axb4 Bxg4 27. Qg1 Qb7 28. Qxh2 Qxb4+ 29. Nb2 Qxe1+ 30. Bc1 Bh5 31. Nd3 Qe2 32. Qh3 Qf3 33.
Qh2 Qe2 34. Qg1 Bg4 35. Kb2 Bf5 36. Qg3 Bxd3 37. Qxd3 Qxd3 38. cxd3 Kd7 39. Kc3 Bf8 40. Ba3 Ke6 41. Kb4 Bh6 42. Kc5 Bxf4 43. Kxc6 g5 44.
Bb4 g4 45. Be1 g3 46. Kc5 g2 0-1

[Event "*** Titled Tuesday Blitz"]
[Site "Chess.com"]
[Date "2020.04.14"]
[Round "3"]
[White "grunbergmihai"]
[Black "1f3_2g41-0"]
[Result "1-0"]
[WhiteElo "2353"]
[BlackElo "2165"]
[TimeControl "180+1"]
[EndTime "10:28:55 PDT"]
[Termination "grunbergmihai won by resignation"]

1. Nf3 d5 2. c4 e6 3. g3 Nf6 4.
Bg2 g6 5. O-O Bg7 6. d4 O-O 7.
Nc3 Ne4 8. Qc2 f5 9. Bf4 c6 10.
Be5 Nd7 11. Bxg7 Kxg7 12. e3 Ndf6 13. Ne2 b6 14. cxd5 cxd5 15. Rac1 Ba6 16. Nf4 Qe7 17. Qc7 Rf7 18. Qxe7 Rxe7 19. Rfd1 g5 20. Nd3 Bxd3 21. Rxd3 Ng4 22. Rc2 Kf6 23. h3 Nh6 24. Ne5 Nf7 25.
Nxf7 Kxf7 26. Bxe4 fxe4 27. Rdc3 Rd8 28. Rc6 Rdd7 29.
Kg2 Ke8 30. Rc8+ Rd8 31. f3 exf3+ 32. Kxf3 h5 33. h4 Rf7+ 34. Ke2 gxh4 35. gxh4 Rg7 36. R8c6 Ke7 37. Rc7+ Rd7 38. Rc8 Rg4 39. Rh8 Rxh4 40. Rc6 Rh2+ 41. Kd3 Rxb2 42. Rh7+ Kd8 43. Rxh5 Re7 44.
Rh8+ Kd7 45. Rcc8 Rg7 46. Rhd8+ Ke7 47. Re8+ Kf6 48. Rc6 Re7 49. Rf8+ Kg7 50. Ra8 Rxa2 51. Rxb6 Ra3+ 52. Kd2 axb6 53. Rxa3 Rb7 54. Kc3 Kf6 55.
Kb4 Ke7 56. Kb5 Kd6 57. Ra6 Kc7 58. Ra8 Rb8 59. Rxb8 Kxb8 60. Kxb6 Kc8 61. Kc6 Kd8 62. Kd6 e5 63. Kxe5 1-0

[Event "*** Titled Tuesday Blitz"]
[Site "Chess.com"]
[Date "2020.04.14"]
[Round "3"]
[White "Oleksandr_Bortnyk"]
[Black "bangchess21"]
[Result "1-0"]
[WhiteElo "3040"]
[BlackElo "2693"]
[TimeControl "180+1"]
[EndTime "10:28:56 PDT"]
[Termination "Oleksandr_Bortnyk won by checkmate"]

1. e4 c6 2. c4 d5 3. cxd5 cxd5 4. exd5 Nf6 5. Qa4+ Nbd7 6. Nc3 g6 7. Bc4 Bg7 8. d3 a6 9. Nf3 O-O 10. Qa3 Rb8 11.
Bf4 Ra8 12. O-O Nh5 13. Bg5 Bf6 14. Bh6 Ng7 15. Rfe1 Re8 16. Ne4 Nf5 17. Bf4 Bg7 18.
Rac1 Nb6 19. Qb3 Bd7 20. Nc5 Bc8 21. a4 Nd4 22. Nxd4 Bxd4 23. Ne4 Bf5 24. Be3 Bxe3 25.
Rxe3 Rc8 26. Rce1 Nxc4 27. dxc4 Bxe4 28. Rxe4 Qd7 29. h4 Rb8 30. h5 Kg7 31. Qc3+ Kg8 32. h6 f6 33. Re6 Kf7 34. b3 Rbc8 35.
Qh3 Qc7 36. a5 Rcd8 37. Qc3 Rxd5 38. Qe3 Rd6 39. Re4 e5 40. f4 Rde6 41. Qe2 Qxa5 42. f5 Qb6+ 43. Kh2 gxf5 44. Qh5+ Ke7 45. Qxf5 Kd7 46.
c5 Qxc5 47. Rd1+ Ke7 48. Qxh7+ Kf8 49. Qg7# 1-0